 Dungeon Crawl Stone Soup version 0.22.1-6-g1668fe2 (webtiles) character file.

1428 Sandy the Slicer (level 9, -5/58 HPs)
             Began as a Halfling Artificer on Jan 25, 2019.
             Was a Believer of Dithmenos.
             Slain by a killer bee (6 damage)
             ... on level 9 of the Dungeon.
             The game lasted 00:43:30 (6493 turns).

Sandy the Slicer (Halfling Artificer)               Turns: 6493, Time: 00:43:31

Health: -5/58      AC:  9    Str: 10 (13) XL:     9   Next: 3%
Magic:  11/11      EV: 19    Int: 12 (14) God:    Dithmenos [**....]
Gold:   274        SH:  0    Dex: 20 (23) Spells: 8/8 levels left

rFire    . . .     SeeInvis +   a - +0 rapier
rCold    . . .     Gourm    .   (shield restricted)
rNeg     . . .     Faith    .   p - +3 leather armour {MR+}
rPois    .         Spirit   .   w - +0 helmet
rElec    .         Reflect  .   (no cloak)
rCorr    .         Harm     .   (no gloves)
MR       +....                  m - +0 pair of boots
Stlth    +++.......             (no amulet)
HPRegen  0.19/turn              k - ring of see invisible
MPRegen  0.12/turn              v - +1 ring of protection

@: brilliant, agile, lethally poisoned (-5 -> -8), wreathed by umbra
A: small, mutation resistance 1
a: Shadow Step, Renounce Religion


You were on level 9 of the Dungeon.
You worshipped Dithmenos.
Dithmenos was pleased with you.
You were very hungry.

You visited 2 branches of the dungeon, and saw 10 of its levels.
You also visited: Sewer.

You collected 274 gold pieces.

Inventory:

Hand Weapons
 a - a +0 rapier (weapon)
 b - a +1 hunting sling of flaming
 h - the +2 arbalest of Zoucw {venom, rPois rF+ Str+3}
   (You found it on level 4 of the Dungeon)

   It poisons the ammo it fires.
   It affects your strength (+3).
   It protects you from fire.
   It protects you from poison.
 q - a +0 hunting sling
Missiles
 g - 23 sling bullets
 j - 105 stones (quivered)
Armour
 m - a +0 pair of boots (worn)
 p - a +3 leather armour of magic resistance (worn)
 w - a +0 helmet (worn)
Jewellery
 k - a ring of see invisible (left hand)
 t - an uncursed ring of protection from fire
 v - a +1 ring of protection (right hand)
Wands
 d - a wand of enslavement (15)
 e - a wand of random effects (9)
 z - a wand of acid (13)
Scrolls
 s - 2 scrolls of teleportation
 u - a scroll of remove curse
 y - a scroll of enchant armour
Potions
 i - a potion of brilliance
 l - a potion of degeneration
 n - a potion of curing
 o - 2 potions of agility
 r - a potion of haste
Comestibles
 f - 12 rations


   Skills:
 + Level 4.2 Fighting
 + Level 9.7 Short Blades
 - Level 6.4 Slings
 - Level 2.1 Dodging
 - Level 1.1 Stealth
 - Level 3.0 Evocations


You had 8 spell levels left.
You didn't know any spells.
Your spell library was empty.

Dungeon Overview and Level Annotations

Branches:
Dungeon (9/15)             Temple (1/1) D:4
   Lair: D:8-11         Orc: D:9-12

Altars:
Ashenzari
Cheibriados
Dithmenos
Elyvilon
Fedhas
Gozag
Hepliaklqana
Kikubaaqudgha
Makhleb
Nemelex Xobeh
Okawaru
Ru
Sif Muna
Trog
Uskayaw
Vehumet
Wu Jian
Xom
Yredelemnul
Zin
The Shining One

Shops:
D:6 !   D:9 !

Annotations:
D:6 2 transporters, exclusion: downstairs


Innate Abilities, Weirdness & Mutations

You are small and have problems with some larger weapons.
You are somewhat resistant to further mutation.


Message History

The killer bee barely misses you.
It was a potion of magic.
Magic courses through your body.
* * * LOW HITPOINT WARNING * * *
You feel sick. The killer bee misses you. The killer bee closely misses you.
The killer bee completely misses you. The killer bee misses you.
Okay, then.
As you read the scroll labeled ZANIEMM FAERO, it crumbles to dust.
Wisps of shadow whirl around you...
It was a scroll of summoning.
* * * LOW HITPOINT WARNING * * *
You feel sick. The killer bee closely misses you.
The killer bee barely misses you.
The killer bee stings you but does no damage.
The killer bee closely misses you.
Okay, then.
You closely miss the killer bee. The killer bee misses you.
The killer bee barely misses you. The killer bee closely misses you.
Your centaur misses the killer bee. The killer bee stings you.
* * * LOW HITPOINT WARNING * * *
You swap places.
The killer bee stings you.
You die...

.......
..∩.∩...
......#
..∩.∩.
#...#
####.Y#
##a#.YY.#
#....Y@W#
#####YyY#
#..#.y#
#.###c..
#.# ....#
..# ...##
..# ....
.. ..%..
..##..


You could see a worker ant (sleeping), 2 killer bees, 6 friendly yaks, a
friendly hungry ghost and a friendly centaur.

Vanquished Creatures
  An ice beast (D:4)
  4 ogres
  A phantom (D:6)
  2 bullfrogs
  2 scorpions (D:4)
  A bullfrog zombie (D:6)
  A centaur skeleton (D:8)
  3 hounds
  2 jellies
  2 orc wizards
  5 worker ants
  A hound skeleton (D:6)
  2 gnolls (D:3)
  5 adders
  A river rat (D:6)
  11 oozes (Sewer)
  An adder skeleton (D:6)
  2 worms (D:2)
  2 dart slugs (D:1)
  7 leopard geckos
  12 orcs
  16 giant cockroaches
  3 goblins
  7 hobgoblins
  11 jackals
  6 quokkas
  16 ball pythons
  9 bats
  20 frilled lizards
  6 kobolds
  A quokka skeleton (D:8)
  15 rats
178 creatures vanquished.

Vanquished Creatures (others)
  2 orcs (D:5)
2 creatures vanquished.

Grand Total: 180 creatures vanquished

Notes
Turn   | Place    | Note
-------+----------+-------------------------------------------
     0 | D:1      | Sandy the Halfling Artificer began the quest for the Orb.
     0 | D:1      | Reached XP level 1. HP: 12/12 MP: 3/3
   183 | D:1      | Reached skill level 2 in Short Blades
   265 | D:1      | Reached XP level 2. HP: 18/18 MP: 4/4
   342 | D:1      | Reached skill level 3 in Short Blades
   491 | D:2      | Reached XP level 3. HP: 22/22 MP: 5/5
   998 | D:2      | Reached skill level 1 in Slings
  1360 | D:3      | Found a basalt altar of Yredelemnul.
  1361 | D:3      | Found a sparkling altar of Nemelex Xobeh.
  1393 | D:3      | Reached XP level 4. HP: 27/27 MP: 6/6
  1462 | D:3      | Reached skill level 4 in Short Blades
  1803 | D:5      | Entered Level 5 of the Dungeon
  2189 | D:2      | Reached XP level 5. HP: 15/32 MP: 7/7
  2662 | D:4      | Noticed an ogre
  2665 | D:4      | Killed an ogre
  2665 | D:4      | Reached skill level 5 in Slings
  2665 | D:4      | Reached XP level 6. HP: 37/37 MP: 8/8
  2684 | D:3      | Reached skill level 5 in Short Blades
  2907 | D:4      | Noticed an ice beast
  2919 | D:4      | Killed an ice beast
  2999 | D:4      | Reached skill level 1 in Fighting
  2999 | D:4      | Reached XP level 7. HP: 22/43 MP: 9/9
  3061 | D:4      | Found a burning altar of Makhleb.
  3061 | D:4      | Noticed an Executioner
  3276 | D:4      | Reached skill level 6 in Short Blades
  3480 | D:4      | Found a staircase to the Ecumenical Temple.
  3490 | Temple   | Entered the Ecumenical Temple
  3653 | Temple   | Became a worshipper of Dithmenos the Shadowed
  3683 | D:4      | Found a hide-covered altar of Uskayaw.
  3691 | D:4      | Found a sacrificial altar of Ru.
  3748 | D:4      | Got a dazzling arbalest
  3749 | D:4      | Identified the cursed +2 arbalest of Zoucw {venom, rPois
                  | rF+ Str+3} (You found it on level 4 of the Dungeon)
  4204 | D:4      | Got a jewelled helmet
  4218 | D:4      | Identified the -2 helmet of Nasch {Int+2} (You found it on
                  | level 4 of the Dungeon)
  4635 | D:3      | Reached skill level 7 in Short Blades
  4904 | D:6      | Found a transporter.
  4908 | D:6      | Found a transporter.
  4908 | D:6      | Found a deep blue altar of Sif Muna.
  4908 | D:6      | Noticed an acid dragon
  5209 | D:6      | Reached XP level 8. HP: 38/50 MP: 10/10
  5291 | D:6      | Reached skill level 8 in Short Blades
  5321 | D:6      | Found a glowing drain.
  5327 | Sewer    | Entered a sewer
  5498 | Sewer    | Reached * piety under Dithmenos
  5988 | D:6      | Reached ** piety under Dithmenos
  6008 | D:6      | Reached skill level 9 in Short Blades
  6104 | D:6      | Found Heziulox's Distillery.
  6426 | D:7      | Found a glowing silver altar of Zin.
  6449 | D:8      | Reached XP level 9. HP: 58/58 MP: 11/11
  6467 | D:8      | Noticed a harpy
  6490 | D:9      | HP: 2/58 [poisoned by a killer bee]
  6493 | D:9      | Found Vofabon's Distillery.
  6493 | D:9      | Slain by a killer bee

Skill      XL: |  1  2  3  4  5  6  7  8 |
---------------+-------------------------+-----
Short Blades   | 2 3 4 5 7 9 |  9.7
Slings         | 1 4 5 6 |  6.4
Fighting       | 1 4 |  4.2
Dodging        | |  2.1
Stealth        | |  1.1
Evocations     | |  3.0

Action                   |  1- 3 |  4- 6 |  7- 9 || total
-------------------------+-------+-------+-------++-------
Melee: Short sword       |    87 |   167 |       ||   254
       Rapier            |       |       |   200 ||   200
       Arbalest          |       |       |     7 ||     7
 Fire: Hunting sling     |    37 |    45 |   154 ||   236
Throw: Stone             |     9 |    23 |   102 ||   134
Evoke: Wand              |       |    14 |     7 ||    21
  Use: Scroll            |     5 |     2 |     6 ||    13
       Potion            |       |     3 |     7 ||    10
 Stab: Sleeping          |     1 |     1 |     3 ||     5
       Distracted        |     1 |     1 |       ||     2
  Eat: Chunk             |     2 |     5 |     3 ||    10
       Ration            |       |       |     2 ||     2
Armor: Leather armour    |    22 |    49 |    56 ||   127
Dodge: Dodged            |    65 |   117 |   216 ||   398
